 Dungeon Crawl Stone Soup version 0.31-a0-198-g2ad674f65e (webtiles) character file.

Game seed: 4672004232108395246

3679 qw the Markself (level 9, 0/52 HPs)
             Began as a Deep Elf Hunter on June 25, 2023.
             Was a Priest of Okawaru.
             Slain by an unseen horror (3 damage)
             ... on level 9 of the Dungeon.
             The game lasted 00:02:31 (5626 turns).

qw the Markself (Deep Elf Hunter)                   Turns: 5626, Time: 00:02:31

Health: 0/52       AC: 12    Str: 16    XL:     9   Next: 90%
Magic:  14/14      EV: 13    Int: 15    God:    Okawaru [***...]
Gold:   1282       SH:  0    Dex: 20    Spells: 8/8 levels left

rFire   . . .        d - +4 longbow of Impeachment {flame, Stlth+}
rCold   . . .        (shield currently unavailable)
rNeg    . . .        g - +2 scale mail {rPois}
rPois   +            a - +1 helmet
rElec   .            e - +1 cloak {rPois}
rCorr   .            (no gloves)
SInv    .            (no boots)
Will    .....        k - amulet of regeneration
Stlth   ++           h - +6 ring of strength
HPRegen 1.08/turn    (no ring)
MPRegen 0.14/turn

%: no passive effects
@: no status effects
A: no striking features
a: Renounce Religion, Heroism


You were on level 9 of the Dungeon.
You worshipped Okawaru.
Okawaru was most pleased with you.
You visited 2 branches of the dungeon, and saw 10 of its levels.

You collected 1601 gold pieces.
You spent 319 gold pieces at shops.


   Skills:
 - Level 4.0 Fighting
 + Level 15.5 Ranged Weapons
 - Level 2.1 Armour
 - Level 6.3 Dodging
 - Level 1.2 Stealth
 - Level 4.0 Invocations


You had 8 spell levels left.
You didn't know any spells.
Your spell library was empty.

Inventory:

Hand Weapons
 d - the +4 longbow of Impeachment (weapon) {flame, Stlth+}
   (You found it on level 7 of the Dungeon)

   Stlth:     It makes you more stealthy.
Armour
 a - a +1 helmet (worn)
 e - a +1 cloak of poison resistance (worn)
 g - a +2 scale mail of poison resistance (worn)
Jewellery
 h - a +6 ring of strength (left hand)
 k - an amulet of regeneration (around neck)
Scrolls
 b - a scroll of brand weapon
 f - 3 scrolls of teleportation
 i - 5 scrolls of identify
Potions
 c - 2 potions of curing
 m - a potion of mutation

Dungeon Overview and Level Annotations

Branches:
Dungeon (9/15)             Temple (1/1) D:4             Orc (0/2) D:9
   Lair: D:8-11

Altars:
Ashenzari
Cheibriados
Dithmenos
Elyvilon
Fedhas
Gozag
Hepliaklqana
Kikubaaqudgha
Makhleb
Okawaru
Ru
Sif Muna
Trog
Vehumet
Wu Jian
Xom
Yredelemnul
Zin
The Shining One

Shops:
D:1 :   D:8 [

Annotations:
D:7 1 runed translucent door, Crazy Yiuf


Message History

Enter note:
Enter note:
Enter note:
Enter note:
Enter note:
Enter note:
Enter note:
Enter note:
There is a strange disturbance nearby!
5614 ||| UPGRADING to +1 helmet.
Something hits you!
Keep equipping yourself?
Deactivating autopickup; reactivate with Ctrl-A.
Something hits you!
You start putting on your armour.
You continue putting on your +1 helmet.
Something hits you but does no damage.
You continue putting on your +1 helmet.
Something hits you.
You continue putting on your +1 helmet.
Something hits you! x2
You continue putting on your +1 helmet.
Something hits you.
You finish putting on your +1 helmet.
You shoot an arrow. Something hits you but does no damage.
Something barely misses you.
You shoot an arrow. Something hits you but does no damage.
You shoot an arrow. Something hits you!
You shoot an arrow. Something hits you.
You shoot an arrow. Something hits you but does no damage.
You shoot an arrow. Something hits you. Something hits you! Something hits you.
You shoot an arrow. Something hits you. Something hits you but does no damage.
You shoot an arrow. Something hits you.
You die...

# ##...## ## ##.## #.#
# # #.# #. ..# #+##
#.### #.##...## ...#
#.#.....## #.####
#........## #....#
#.........# #@##.#
#.........+....$..#.#
#.........####...##.#
#........# ##.###.#
..#.....## ## #.#
#.##...## ##.##
#.###'##### ####...#
#.....[...# #......#
..<...###.#####.##...#


There were no monsters in sight!

Vanquished Creatures
  A hornet (D:8)
  A wyvern (D:9)
  3 water moccasins
  3 orc warriors (D:9)
  2 sky beasts
  2 black bears
  4 ogres
  A centaur (D:7)
  Blork the orc (D:6)
  5 bullfrogs
  3 scorpions
  7 wights
  3 killer bees (D:8)
  2 jellies
  5 orc priests
  4 hounds
  2 sleepcaps
  3 iguanas
  7 orc wizards
  A statue (D:5)
  3 gnolls (D:7)
  7 adders
  A shadow imp (D:8)
  A white imp (D:6)
  3 ufetubi
  A worm (D:3)
  A dart slug (D:5)
  24 orcs
  5 endoplasms
  9 giant cockroaches
  11 goblins
  13 hobgoblins
  14 jackals
  3 quokkas
  6 ball pythons
  2 bats
  4 frilled lizards
  7 kobolds
  6 rats
  A spectral orc (D:3)
182 creatures vanquished.

Notes
Turn   | Place    | Note
-------+----------+-------------------------------------------
     0 | D:1      | qw the Deep Elf Hunter began the quest for the Orb.
     0 | D:1      | Reached XP level 1. HP: 12/12 MP: 3/3
     0 | D:1      | 0 ||| qw: Version: 0.3-a-22-g0ed2b0b
     0 | D:1      | 0 ||| qw: Game counter: 5031
     0 | D:1      | 0 ||| qw: Melee chars always use a shield: true
     0 | D:1      | 0 ||| qw: God list: Okawaru
     0 | D:1      | 0 ||| qw: Allow faded altars: false
     0 | D:1      | 0 ||| qw: Do Orc after clearing Dungeon:15 true
     0 | D:1      | 0 ||| qw: Do second Lair branch before Depths: true
     0 | D:1      | 0 ||| qw: Lair rune preference: random
     0 | D:1      | 0 ||| qw: Goals: Normal
     0 | D:1      | 0 ||| PLANNING D:1-11
    61 | D:1      | Found Vuyse's Book Shop.
    61 | D:1      | Noticed a walking divine tome
    63 | D:1      | Noticed a walking crystal tome
    71 | D:1      | 71 ||| READING scroll labelled VUKUDGH VOMOEK.
    72 | D:1      | 72 ||| DROPPING scroll of butterflies.
   145 | D:1      | Reached XP level 2. HP: 16/16 MP: 4/4
   191 | D:1      | Reached skill level 6 in Ranged Weapons
   625 | D:1      | Reached XP level 3. HP: 20/20 MP: 5/5
   628 | D:1      | 628 ||| UPGRADING to +0 cloak.
   633 | D:1      | 633 ||| UPGRADING to amulet of the acrobat.
   638 | D:1      | 638 ||| READING scroll labelled NUGEIS URESM.
   639 | D:1      | 639 ||| READING scroll labelled NEUSCH BIAVIAR.
   640 | D:1      | 640 ||| DRINKING 2 sedimented cyan potions.
   697 | D:2      | 697 ||| SWAPPING to +0 orcbow.
   704 | D:2      | 704 ||| DROPPING +1 shortbow.
   754 | D:2      | 754 ||| Stepping ~*~*~tactically~*~*~ (outnumbered).
   756 | D:2      | 756 ||| Stepping ~*~*~tactically~*~*~ (outnumbered).
   762 | D:2      | Reached skill level 7 in Ranged Weapons
  1110 | D:2      | Reached XP level 4. HP: 25/25 MP: 6/6
  1437 | D:2      | 1437 ||| UPGRADING to +0 ring mail.
  1447 | D:2      | 1447 ||| DROPPING +0 leather armour.
  1448 | D:2      | 1448 ||| UPGRADING to amulet of regeneration.
  1458 | D:2      | 1458 ||| DROPPING amulet of the acrobat.
  1459 | D:2      | 1459 ||| UPGRADING to +6 ring of strength.
  1460 | D:2      | 1460 ||| READING scroll labelled IWEITO SOLASCH.
  1465 | D:2      | 1465 ||| READING scroll labelled MOTAEXT ESOT.
  1466 | D:2      | 1466 ||| READING scroll labelled SEQENI RAQU.
  1622 | D:3      | Reached skill level 8 in Ranged Weapons
  1745 | D:3      | Found a white marble altar of Elyvilon.
  1747 | D:3      | Found a glowing golden altar of the Shining One.
  1747 | D:3      | Found a glowing silver altar of Zin.
  1830 | D:3      | Found a basalt altar of Yredelemnul.
  1950 | D:3      | Reached XP level 5. HP: 27/29 MP: 7/7
  2078 | D:3      | 2078 ||| READING scroll labelled OSTRAL TUHU.
  2079 | D:3      | 2079 ||| READING scroll labelled YRUCKU OPTUPS.
  2079 | D:3      | Identified a scroll of acquirement
  2079 | D:3      | 2079 ||| ACQUIRING 1008 gold pieces
  2079 | D:3      | Acquired 1008 gold pieces
  2081 | D:3      | 2081 ||| READING scroll labelled ETINUOCVUU.
  2082 | D:3      | 2082 ||| READING 7 scrolls of identify.
  2082 | D:3      | 2082 ||| IDENTIFYING fizzy silvery potion
  2154 | D:4      | Reached skill level 9 in Ranged Weapons
  2159 | D:4      | Found a staircase to the Ecumenical Temple.
  2160 | D:4      | 2160 ||| PLANNING TEMPLE
  2171 | D:4      | Reached skill level 3 in Dodging
  2179 | Temple   | Entered the Ecumenical Temple
  2216 | Temple   | 2216 ||| PLANNING OKAWARU WORSHIP
  2356 | Temple   | Became a worshipper of Warmaster Okawaru
  2357 | Temple   | 2357 ||| PLANNING D:1-11
  2430 | D:4      | Reached XP level 6. HP: 35/35 MP: 8/8
  2650 | D:4      | Found an opulent altar of Gozag.
  2755 | D:4      | Reached skill level 10 in Ranged Weapons
  2779 | D:4      | 2779 ||| READING scroll labelled OROOXT PADU.
  2781 | D:4      | 2781 ||| Stepping ~*~*~tactically~*~*~ (cloud).
  2821 | D:5      | Entered Level 5 of the Dungeon
  2875 | D:5      | 2875 ||| FLEEEEING.
  2876 | D:5      | 2876 ||| FLEEEEING.
  2884 | D:5      | 2884 ||| DRINKING potion of curing.
  2884 | D:5      | 2884 ||| (to cure confusion)
  2888 | D:5      | Reached XP level 7. HP: 36/40 MP: 9/9
  2941 | D:5      | Found a radiant altar of Vehumet.
  2984 | D:5      | Reached * piety under Okawaru
  2985 | D:5      | Reached skill level 11 in Ranged Weapons
  2993 | D:5      | Reached skill level 1 in Armour
  2993 | D:5      | Reached skill level 1 in Invocations
  3197 | D:5      | Found a bloodstained altar of Trog.
  3260 | D:5      | 3260 ||| DROPPING +3 leather armour.
  3261 | D:5      | 3261 ||| READING scroll labelled ATA EDWIOKKU.
  3262 | D:5      | 3262 ||| READING 3 scrolls labelled UQAETHR MOTZEE.
  3263 | D:5      | 3263 ||| READING scroll labelled MYRCHI DECE.
  3264 | D:5      | 3264 ||| READING scroll labelled ANUGGU HAAGI.
  3282 | D:5      | 3282 ||| READING 7 scrolls of identify.
  3282 | D:5      | 3282 ||| IDENTIFYING fizzy orange potion
  3283 | D:5      | 3283 ||| DROPPING 2 scrolls of fog.
  3284 | D:5      | 3284 ||| DROPPING potion of degeneration.
  3378 | D:6      | Noticed Blork the orc
  3379 | D:6      | 3379 ||| INVOKING Heroism.
  3382 | D:6      | Killed Blork the orc
  3383 | D:6      | Reached skill level 3 in Invocations
  3390 | D:6      | Reached XP level 8. HP: 44/44 MP: 9/12
  3393 | D:6      | Reached ** piety under Okawaru
  3437 | D:6      | 3437 ||| INVOKING Heroism.
  3451 | D:6      | Reached skill level 12 in Ranged Weapons
  3515 | D:6      | Found a shimmering altar of Xom.
  3598 | D:6      | Reached skill level 3 in Fighting
  4112 | D:6      | 4112 ||| READING 2 scrolls labelled GIOM EGUDUA.
  4113 | D:6      | 4113 ||| READING scroll labelled VIADDU DIYXT.
  4114 | D:6      | 4114 ||| DROPPING scroll of summoning.
  4183 | D:7      | Reached skill level 13 in Ranged Weapons
  4200 | D:7      | 4200 ||| INVOKING Heroism.
  4360 | D:7      | 4360 ||| INVOKING Heroism.
  4366 | D:7      | Reached XP level 9. HP: 46/51 MP: 11/14
  4408 | D:7      | 4408 ||| INVOKING Heroism.
  4472 | D:7      | 4472 ||| INVOKING Heroism.
  4511 | D:7      | Reached skill level 14 in Ranged Weapons
  4521 | D:7      | Identified the +4 longbow of Impeachment {flame, Stlth+}
  4523 | D:7      | 4523 ||| SWAPPING to +4 longbow of Impeachment {flame,
                  | Stlth+}.
  4524 | D:7      | 4524 ||| DROPPING +0 orcbow of flaming.
  4531 | D:7      | 4531 ||| INVOKING Heroism.
  4612 | D:7      | Found a runed translucent door.
  4613 | D:7      | Noticed Crazy Yiuf
  4695 | D:7      | Found a shadowy altar of Dithmenos.
  4764 | D:7      | 4764 ||| DROPPING amulet of guardian spirit.
  4765 | D:7      | 4765 ||| READING 2 scrolls labelled FYTETU LIESS.
  4766 | D:7      | 4766 ||| READING 6 scrolls of identify.
  4766 | D:7      | 4766 ||| IDENTIFYING inky potion
  4767 | D:7      | 4767 ||| DROPPING potion of brilliance.
  4768 | D:7      | 4768 ||| DROPPING scroll of vulnerability.
  4911 | D:8      | Reached skill level 15 in Ranged Weapons
  4920 | D:8      | Reached *** piety under Okawaru
  5027 | D:8      | Found Wathouwn's Antique Armour Emporium.
  5040 | D:8      | 5040 ||| BUYING embroidered cloak (165 gold).
  5040 | D:8      | Bought an embroidered cloak for 165 gold pieces
  5040 | D:8      | 5040 ||| BUYING shiny scale mail (154 gold).
  5040 | D:8      | Bought a shiny scale mail for 154 gold pieces
  5141 | D:8      | Reached skill level 6 in Dodging
  5225 | D:8      | 5225 ||| UPGRADING to +1 cloak of poison resistance.
  5235 | D:8      | 5235 ||| DROPPING +0 cloak.
  5236 | D:8      | 5236 ||| UPGRADING to +2 scale mail of poison resistance.
  5246 | D:8      | 5246 ||| DROPPING +0 ring mail.
  5247 | D:8      | 5247 ||| READING 6 scrolls of identify.
  5247 | D:8      | 5247 ||| IDENTIFYING cyan potion
  5248 | D:8      | 5248 ||| DROPPING potion of lignification.
  5312 | D:9      | 5312 ||| INVOKING Heroism.
  5334 | D:9      | Found a staircase to the Orcish Mines.
  5344 | D:9      | 5344 ||| INVOKING Heroism.
  5441 | D:9      | 5441 ||| INVOKING Heroism.
  5456 | D:9      | Found an ornate altar of the Wu Jian Council.
  5465 | D:9      | 5465 ||| INVOKING Heroism.
  5614 | D:9      | 5614 ||| UPGRADING to +1 helmet.
  5624 | D:9      | HP: 11/52 [something (7)]
  5624 | D:9      | HP: 5/52 [something (6)]
  5625 | D:9      | HP: 2/52 [something (4)]
  5626 | D:9      | Slain by an unseen horror

Levels and vault maps discovered:
D:1:      dpeg_arrival_refuge, layout_loops_ring, serial_shops,
          nicolae_shop_mannequins, nrook_mini_backslash
D:2:      layout_loops_cross, columned_hall_lemuel, item_on_display_a
D:3:      layout_basic, dreamdust_divine_triumvirate,
          yredelemnul_forgotten_temple_becter
D:4:      layout_basic, nicolae_gozag_seed_capital,
          minmay_temple_entry_junction, kennysheep_flooded_box
D:5:      minmay_spotlight, layout_rooms, mainiacjoe_overflow_catwalk,
          vehumet_statue
D:6:      layout_cave_pods, xom_butterflies, uniq_blork_the_orc
D:7:      layout_rooms, mainiacjoe_overflow_alcove_4, uniq_crazy_yiuf_cottage
D:8:      layout_rooms, serial_shops, shop
D:9:      layout_loops_corners, lemuel_round_altar, david_lair_shrubbed,
          erik_orc_3, minivault_19, kennysheep_generic_room_13
Temple:   nicolae_temple_bog_church

Skill      XL: |  1  2  3  4  5  6  7  8  9 |
---------------+----------------------------+-----
Ranged Weapons | 6 7 8 9 10 11 13 15 | 15.5
Fighting       | 2 3 4 |  4.0
Dodging        | 3 4 5 6 |  6.3
Armour         | 1 2 |  2.1
Invocations    | 3 4 |  4.0
Stealth        | |  1.2

Action                     |  1- 3 |  4- 6 |  7- 9 || total
---------------------------+-------+-------+-------++-------
   Fire: Shortbow          |    45 |       |       ||    45
         Orcbow            |    47 |   198 |   143 ||   388
         Longbow           |       |       |    80 ||    80
 Invoke: Heroism           |       |       |    11 ||    11
    Use: Scroll            |     3 |     8 |    10 ||    21
         Potion            |     1 |     1 |       ||     2
 Armour: Leather armour    |     2 |     1 |       ||     3
         Ring mail         |       |    43 |     5 ||    48
         Scale mail        |       |       |     6 ||     6
  Dodge: Dodged            |     5 |    70 |    18 ||    93

Table legend:
 A = Non-vault XP
 B = Vault XP
 C = Vault XP percentage of total XP
 D = Non-vault monster count
 E = Vault monster count
 F = Vault count percentage of total count
                 A         B        C        D         E       F
            +---------+---------+-------+---------+---------+-------
      Total |    4540 |     717 |  13.6 |     167 |      15 |   8.2
            +---------+---------+-------+---------+---------+-------
        D:1 |      41 |       0 |   0.0 |      25 |       0 |   0.0
        D:2 |      71 |       0 |   0.0 |      25 |       0 |   0.0
        D:3 |     111 |       1 |   0.9 |      26 |       1 |   3.7
        D:4 |     368 |       0 |   0.0 |      20 |       0 |   0.0
        D:5 |     379 |     299 |  44.1 |      18 |       3 |  14.3
        D:6 |     903 |      94 |   9.4 |      17 |       1 |   5.6
        D:7 |    1072 |       0 |   0.0 |      17 |       0 |   0.0
        D:8 |    1100 |       0 |   0.0 |      12 |       0 |   0.0
        D:9 |     495 |     323 |  39.5 |       7 |      10 |  58.8
            +---------+---------+-------+---------+---------+-------
